 Dungeon Crawl Stone Soup version 0.27.1-35-g4d5d836560 (console) character file.

Game seed: 13832678369440905339

39262 grimtooth the Martial Artist (level 13, -22/101 HPs)
             Began as a Demonspawn Abyssal Knight on May 30, 2022.
             Was a High Priest of Lugonu.
             Killed by mirror damage (30 damage)
             ... on level 6 of the Lair of Beasts on May 31, 2022.
             The game lasted 02:37:44 (26644 turns).

grimtooth the Martial Artist (DsAK)                Turns: 26644, Time: 02:37:45

Health: -22/101    AC: 32    Str: 13    XL:     13   Next: 68%
Magic:  13/19      EV:  7    Int: 18    God:    Lugonu [*****.]
Gold:   299        SH:  7    Dex: 20    Spells: 12/12 levels left

rFire    + . .     SeeInvis .   a - +3 whip (freeze)
rCold    + + +     Faith    .   O - +1 buckler
rNeg     + + .     Spirit   .   E - +5 plate armour of Xuateo {Contam rPois rN++ Will+}
rPois    +         Reflect  .   v - +1 helmet "Xeoxzes" {rC+ Will++}
rElec    +         Harm     .   k - +2 cloak {Will+}
rCorr    .         Rampage  .   (no gloves)
Will     ++++.                  y - +2 pair of boots of the Orcish Mines {rElec rC+ Dex+7}
Stlth    ..........             (no amulet)
HPRegen  0.26/turn              S - ring of protection from cold
MPRegen  0.16/turn              p - ring of protection from fire

@: studying 2 skills
A: claws 2, demonic guardian 1, powered by pain 3, sharp scales 3
a: Renounce Religion, Depart the Abyss, Bend Space, Banish, Corrupt, Enter the
Abyss


You were on level 6 of the Lair of Beasts.
You worshipped Lugonu.
Lugonu was extremely pleased with you.
You visited 2 branches of the dungeon, and saw 18 of its levels.
You visited the Abyss 1 time.

You collected 811 gold pieces.
You spent 512 gold pieces at shops.

Inventory:

Hand Weapons
 a - a +3 whip of freezing (weapon)
 b - a +0 hunting sling
 g - a +2 whip of flaming
 n - a +3 scimitar of flaming
Missiles
 h - 99 sling bullets
 l - 51 poisoned darts (quivered)
 s - 8 boomerangs
 x - 3 throwing nets {=f}
 K - 8 javelins
Armour
 k - a +2 cloak of willpower (worn)
 v - the +1 helmet "Xeoxzes" (worn) {rC+ Will++}
   (You found it on level 2 of the Lair of Beasts)

   rC:        It protects you from cold.
   Will:      It greatly increases your willpower.
 w - a +2 hat
 y - the +2 pair of boots of the Orcish Mines (worn) {rElec rC+ Dex+7}
   (You found it on level 5 of the Dungeon)

   Dex:       It affects your dexterity (+7).
   rC:        It protects you from cold.
   rElec:     It insulates you from electricity.
 E - the +5 plate armour of Xuateo (worn) {Contam rPois rN++ Will+}
   (You found it on level 1 of the Lair of Beasts)

   rPois:     It protects you from poison.
   rN:        It greatly protects you from negative energy.
   Contam:    It causes magical contamination when unequipped.
   Will:      It increases your willpower.
 I - a +2 cloak of poison resistance
 O - a +1 buckler (worn)
 X - the +10 scale mail of Nanku Qutie {rElec}
   (You found it on level 4 of the Lair of Beasts)

   rElec:     It insulates you from electricity.
Jewellery
 p - a ring of protection from fire (right claw)
 z - a +6 ring of intelligence
 D - a ring of resist corrosion
 S - a ring of protection from cold (left claw)
 T - a +6 ring of intelligence
Wands
 e - a wand of charming (2)
 f - a wand of digging (5)
 H - a wand of polymorph (15)
 U - a wand of iceblast (7)
Scrolls
 c - a scroll of torment {unknown}
 i - a scroll of holy word {unknown}
 q - 3 scrolls of vulnerability {unknown}
 u - 2 scrolls of silence {unknown}
 C - 3 scrolls of summoning {unknown}
 F - 4 scrolls of blinking {unknown}
 G - 5 scrolls of immolation
 M - 2 scrolls of magic mapping {unknown}
 P - 3 scrolls of fog {unknown}
 Q - 2 scrolls of enchant weapon {unknown}
 V - a scroll of brand weapon
Potions
 d - 4 potions of might {unknown}
 j - 3 potions of flight
 m - 3 potions of lignification
 r - 2 potions of magic {unknown}
 t - a potion of degeneration {unknown}
 A - 3 potions of curing
 B - a potion of berserk rage {unknown}
 J - a potion of invisibility {unknown}
 L - 2 potions of mutation {unknown}
 N - a potion of experience
 R - 3 potions of cancellation
Miscellaneous
 W - a phantom mirror


   Skills:
 - Level 9.0 Fighting
 - Level 6.0 Maces & Flails
 + Level 2.5 Throwing
 * Level 11.8 Armour
 - Level 6.0 Dodging
 - Level 6.0 Shields
 - Level 12.0 Unarmed Combat
 - Level 9.0 Invocations


You had 12 spell levels left.
You didn't know any spells.
Your spell library contained the following spells:

 Spells                   Type           Power      Damage    Failure   Level
 Corona                   Hex            0%         N/A       100%        1
 Foxfire                  Conj/Fire      0%         2x1d4     100%        1
 Blink                    Tloc           N/A        N/A       100%        2
 Ensorcelled Hibernation  Hex/Ice        0%         N/A       100%        2
 Conjure Flame            Conj/Fire      0%         6-21      100%        3
 Inner Flame              Hex/Fire       0%         N/A       100%        3
 Lesser Beckoning         Tloc           0%         N/A       100%        3
 Tukima's Dance           Hex            0%         N/A       100%        3
 Animate Dead             Necr           0%         N/A       100%        4
 Cause Fear               Hex            0%         N/A       100%        4
 Excruciating Wounds      Necr           0%         N/A       100%        5
 Manifold Assault         Tloc           0%         N/A       100%        5
 Conjure Ball Lightning   Conj/Air       0%         3x3d6     100%        6
 Discord                  Hex            0%         N/A       100%        8
 Disjunction              Tloc           0%         N/A       100%        8
 Infestation              Necr           0%         N/A       100%        8


Dungeon Overview and Level Annotations

Branches:
Dungeon (12/15)            Temple (0/1) D:7            Lair (6/6) D:8
  Swamp (0/4) Lair:3       Spider (0/4) Lair:4          Orc (0/2) D:11
  Slime: Lair:5-6

Altars:
Cheibriados
Elyvilon
Fedhas
Gozag
Nemelex Xobeh
Qazlal
Vehumet
Xom
Yredelemnul

Shops:
D:6 *   D:7 *![*   D:8 =(

Annotations:
D:11 exclusion: 4 oklob plants
Lair:6 corrupted


Innate Abilities, Weirdness & Mutations

You have very sharp fingernails.
A weak demonic guardian rushes to your aid.
You are powered by pain.
You are completely covered in razor-sharp scales. (AC +3, Slay +3)


Message History

Press: ? - help, v - describe, . - travel The floor.
There is a cloud of sparse dust here.
You block the ufetubus's attack. x2
The jumping spider pounces on the fungus!
The fungus begins to die.
The fungus is caught in a web!
The jumping spider bites the fungus.
The sun demon hits the starcursed mass!!
The starcursed mass is engulfed in flames!
The starcursed mass is destroyed!
The starcursed mass disappears in a puff of smoke!
The jumping spider pounces on the fungus.
The jumping spider bites the fungus!
The starcursed mass touches something but does no damage.
The white draconian stormcaller mumbles some strange prayers to Qazlal against the large abomination.
The large abomination is smitten.
The large abomination is destroyed!
The large abomination disappears in a puff of smoke!
The ufetubus hits something but does no damage.
The ufetubus hits something.
The ynoxinul gestures.
Something hits the ufetubus!
The ufetubus dies!
The ufetubus disappears in a puff of smoke!
Lugonu accepts your kill.
You feel a bit more experienced.
You hear an explosion!
Lugonu accepts your kill.
You feel a bit more experienced. Lugonu accepts your kill.
You feel a bit more experienced.
You hear a shout!
The fiery explosion engulfs the starcursed mass!!!
You destroy the starcursed mass!
The starcursed mass disappears in a puff of smoke!
The fiery explosion engulfs the starcursed mass!!
You destroy the starcursed mass!
The starcursed mass disappears in a puff of smoke!
Something reflects your damage back at you!
You die...

..........
.........
.......##.
......###.#### ##
........#.P..###.#
................##
.....Y#..........#
......#.#P##P.5..#
...F...#..#..#...#
......##..#§.3J..#
....FYY###3##X5.@#
....5Y..YY.x#54.##
...X.§#Y.#Y#Xh5#.#
......$#4L§§sq†.##
.......?.#XX5X...#
......#.sP#Xx.####
^..........###.#
........##. ##
......#. .....#


You could see 5 neutral starcursed masses, a neutral white draconian stormcaller
(summoned), a neutral large abomination (summoned), a neutral worldbinder
(summoned), a neutral raiju (summoned), a neutral ynoxinul (summoned), a neutral
chaos spawn (summoned), a neutral tarantella (summoned), a neutral jelly
(summoned), a neutral quasit (summoned) and 4 neutral ufetubi.

Vanquished Creatures
  6 hydras
  Erica (Lair:2)
  3 two-headed ogres
  A phantasmal warrior (D:11)
  Pikel (D:9)
  A necromancer (Lair:3)
  2 ugly things
  A deep elf pyromancer (D:11)
  Maurice (D:9)
  10 elephants
  4 black mambas
  2 polar bears
  9 cane toads
  A kobold demonologist (D:10)
  4 rime drakes
  7 komodo dragons
  A tengu conjurer (D:10)
  A troll (D:10)
  A tyrant leech (Lair:3)
  4 blink frogs
  2 redbacks (Lair:4)
  2 wraiths (D:10)
  A vampire (D:11)
  35 yaks
  7 basilisks
  2 wyverns
  3 steam dragons
  A vampire mosquito (D:10)
  A warg (Lair:6)
  3 swamp worms (Lair:3)
  19 water moccasins
  A floating eye (D:11)
  2 ice beasts (D:7)
  5 orc warriors
  2 black bears
  A necrophage (D:8)
  10 wolves
  An ogre (D:6)
  8 centaurs
  3 phantoms
  Blork the orc (D:5)
  A kobold brigand (D:8)
  11 bullfrogs
  2 gnoll sergeants
  A water moccasin zombie (D:6)
  3 scorpions
  7 killer bees
  8 wights
  2 electric eels (Lair:5)
  5 centaur zombies
  A jelly (D:6)
  8 orc priests
  3 hounds
  2 iguanas
  6 orc wizards
  3 polar bear simulacra (Lair:3)
  Ijyb (D:3)
  3 yak simulacra (Lair:3)
  3 wolf simulacra (Lair:3)
  3 killer bee zombies (D:8)
  A hound skeleton (D:5)
  A howler monkey zombie (D:8)
  9 gnolls
  8 adders
  2 shadow imps
  2 white imps
  An adder skeleton (D:3)
  2 adder zombies (D:5)
  2 worms (D:3)
  2 dart slugs
  40 orcs
  6 bats
  7 endoplasms
  12 goblins
  6 hobgoblins
  6 jackals
  4 quokkas
  6 ball pythons
  8 frilled lizards
  11 kobolds
  8 rats
  2 river rat simulacra (Lair:3)
390 creatures vanquished.

Vanquished Creatures (collateral kills)
  A black mamba (Lair:2)
  A yak (Lair:2)
2 creatures vanquished.

Vanquished Creatures (others)
  An elephant (Lair:6)
  A cane toad (Lair:2)
  A black mamba (Lair:6)
  2 blink frogs (Lair:6)
  3 yaks (Lair:6)
  An orc (D:7)
  2 bushes (Lair:5)
  33 fungi
  51 plants
95 creatures vanquished.

Grand Total: 487 creatures vanquished

Notes
Turn   | Place    | Note
-------+----------+-------------------------------------------
     0 | Abyss:1  | grimtooth the Demonspawn Abyssal Knight began the quest for
                  | the Orb.
     0 | Abyss:1  | Reached XP level 1. HP: 18/18 MP: 2/2
     2 | Abyss:1  | Found a corrupted altar of Lugonu.
    38 | Abyss:1  | Noticed an iron dragon skeleton
    38 | Abyss:1  | Noticed a large abomination
   115 | Abyss:1  | Noticed a raiju
   116 | D:1      | Escaped the Abyss
   150 | D:1      | Reached * piety under Lugonu
   232 | D:1      | Gained mutation: You have sharp fingernails. [demonic
                  | ancestry]
   232 | D:1      | Reached XP level 2. HP: 20/24 MP: 3/3
   938 | D:1      | Gained mutation: You sometimes gain a little power by
                  | taking damage. [demonic ancestry]
   938 | D:1      | Reached XP level 3. HP: 9/29 MP: 4/4
  1506 | D:2      | Found a stormy altar of Qazlal.
  1628 | D:2      | - dammit
  2628 | D:2      | Reached XP level 4. HP: 37/37 MP: 5/5
  2918 | D:3      | - NICE
  3238 | D:3      | Noticed Ijyb
  3248 | D:3      | Killed Ijyb
  3248 | D:3      | Reached ** piety under Lugonu
  3348 | D:3      | Found a faded altar of an unknown god.
  3803 | D:3      | Gained mutation: You are partially covered in razor-sharp
                  | scales. (AC +1, Slay +1) [demonic ancestry]
  3803 | D:3      | Reached XP level 5. HP: 42/42 MP: 6/6
  4747 | D:3      | - goddam poison everywhere
  5049 | D:4      | Noticed a phantom
  5075 | D:4      | Killed a phantom
  5076 | D:4      | Reached skill level 5 in Maces & Flails
  5076 | D:4      | Gained mutation: You are mostly covered in razor-sharp
                  | scales. (AC +2, Slay +2) [demonic ancestry]
  5076 | D:4      | Reached XP level 6. HP: 11/49 MP: 4/7
  5505 | D:4      | Reached *** piety under Lugonu
  5799 | D:4      | Found a shimmering altar of Xom.
  5799 | D:4      | Found a blossoming altar of Fedhas.
  5910 | D:5      | Entered Level 5 of the Dungeon
  6034 | D:5      | Reached skill level 5 in Fighting
  6347 | D:5      | Gained mutation: You are completely covered in razor-sharp
                  | scales. (AC +3, Slay +3) [demonic ancestry]
  6347 | D:5      | Reached XP level 7. HP: 26/56 MP: 8/8
  6957 | D:5      | Found a sparkling altar of Nemelex Xobeh.
  7138 | D:5      | Identified the +2 pair of boots of the Orcish Mines {rElec
                  | rC+ Dex+7}
  7139 | D:5      | - heck yeah
  7210 | D:5      | Noticed Blork the orc
  7280 | D:6      | Reached skill level 1 in Unarmed Combat
  7419 | D:6      | Reached skill level 2 in Unarmed Combat
  7644 | D:6      | Gained mutation: You sometimes gain power by taking damage.
                  | [demonic ancestry]
  7644 | D:6      | Reached XP level 8. HP: 58/64 MP: 11/11
  7696 | D:6      | Reached skill level 5 in Invocations
  7813 | D:6      | Reached skill level 3 in Unarmed Combat
  7816 | D:6      | Reached **** piety under Lugonu
  8085 | D:6      | Found Urith's CLEARANCE SALE! EVERYTHING MUST GO!.
  8096 | D:6      | Bought a +2 cloak of poison resistance for 92 gold pieces
  8213 | D:6      | Reached skill level 4 in Unarmed Combat
  8501 | D:5      | Killed Blork the orc
  9003 | D:7      | Reached skill level 5 in Unarmed Combat
  9016 | D:7      | Gained mutation: You are powered by pain. [demonic
                  | ancestry]
  9016 | D:7      | Reached XP level 9. HP: 22/69 MP: 13/15
  9266 | D:7      | Found Ociudaon's General Store.
  9279 | D:7      | Found Neunk's Distillery.
  9279 | D:7      | Found Ekuyb's Antique Armour Shoppe.
  9394 | D:7      | Found Jaluyj's Assorted Antiques.
  9411 | D:7      | Bought a potion of heal wounds for 75 gold pieces
  9414 | D:7      | Bought a scroll of teleportation for 45 gold pieces
  9418 | D:7      | Bought a jade ring for 125 gold pieces
  9786 | D:7      | Found a staircase to the Ecumenical Temple.
 10026 | D:8      | Noticed a two-headed ogre
 10035 | D:8      | Reached skill level 6 in Unarmed Combat
 10035 | D:8      | Found a snail-covered altar of Cheibriados.
 10198 | D:8      | Found an opulent altar of Gozag.
 10502 | D:8      | Found Xuuruopt's Weapon Shoppe.
 10771 | D:8      | Killed a two-headed ogre
 10772 | D:8      | Reached skill level 5 in Armour
 10772 | D:8      | Reached skill level 7 in Unarmed Combat
 10961 | D:8      | Noticed a centaur warrior
 10963 | D:8      | Banished a centaur warrior
 10964 | D:8      | Reached XP level 10. HP: 50/76 MP: 11/16
 11178 | D:8      | Found Zezxed's Jewellery Shop.
 11329 | D:8      | Reached skill level 8 in Unarmed Combat
 11776 | D:8      | Found a staircase to the Lair.
 12069 | D:9      | Noticed Maurice
 12070 | D:9      | Noticed Pikel
 12093 | D:9      | - just when I had matters in hand
 12093 | D:9      | - some invisible *** pops up behind me
 12093 | D:9      | - oh its probably maurice duh
 12094 | D:9      | - or is it
 12102 | D:9      | Killed Pikel
 12334 | D:9      | Killed Maurice
 12359 | D:9      | - that's pretty choice
 12581 | D:9      | Found a radiant altar of Vehumet.
 12821 | D:9      | Reached ***** piety under Lugonu
 13089 | D:10     | Entered Level 10 of the Dungeon
 13090 | D:10     | Noticed a two-headed ogre
 13182 | D:10     | Banished a two-headed ogre
 13183 | D:10     | Reached skill level 9 in Unarmed Combat
 13502 | D:10     | Found a basalt altar of Yredelemnul.
 14113 | D:10     | Reached XP level 11. HP: 56/87 MP: 17/17
 14503 | D:10     | Reached skill level 1 in Shields
 14847 | D:11     | Noticed an oklob plant
 14847 | D:11     | Noticed an oklob plant
 15102 | D:7      | Bought a scroll of identify for 50 gold pieces
 15102 | D:7      | Bought a long copper wand for 100 gold pieces
 15102 | D:7      | Bought a scroll labelled TUOGARGH OKOMO for 25 gold pieces
 15170 | Lair:1   | Entered Level 1 of the Lair of Beasts
 15811 | Lair:1   | Identified the +5 plate armour of Xuateo {Contam rPois rN++
                  | Will+}
 16707 | Lair:2   | Noticed Erica
 16708 | Lair:2   | - aw man
 16729 | Lair:2   | Noticed a seven-headed hydra
 16736 | Lair:2   | - gettin slammed here
 16759 | Lair:2   | Got Iqapt's Disquisition on Beguiling and Sinister Magic
 16778 | Lair:2   | Reached skill level 5 in Shields
 16778 | Lair:2   | Reached skill level 10 in Unarmed Combat
 17162 | Lair:1   | - fuckin nuts
 17569 | D:11     | - of course its the wrong stair
 17572 | D:11     | - well that sucked
 17582 | D:11     | Noticed a white ugly thing
 17608 | D:11     | Killed a white ugly thing
 17816 | D:11     | Noticed a two-headed ogre
 17830 | D:11     | Killed a two-headed ogre
 17836 | D:11     | Found a staircase to the Orcish Mines.
 17912 | D:11     | Noticed an oklob plant
 17916 | D:11     | Noticed an oklob plant
 18522 | D:11     | Reached skill level 1 in Dodging
 18707 | D:11     | Paralysed by a floating eye for 4 turns
 19062 | D:12     | Noticed a two-headed ogre
 19071 | D:12     | Killed a two-headed ogre
 19072 | D:12     | Gained mutation: You have very sharp fingernails. [demonic
                  | ancestry]
 19072 | D:12     | Reached XP level 12. HP: 30/95 MP: 18/18
 19379 | D:12     | Noticed a five-headed hydra
 19446 | D:12     | Noticed a death knight
 20182 | Lair:2   | Killed Erica
 20210 | Lair:2   | Killed a seven-headed hydra
 20436 | Lair:2   | Identified the +1 helmet "Xeoxzes" {rC+ Will++}
 20839 | Lair:3   | Reached skill level 5 in Dodging
 21616 | Lair:3   | Reached skill level 11 in Unarmed Combat
 21984 | Lair:3   | Noticed a five-headed hydra
 22004 | Lair:3   | Killed a five-headed hydra
 22334 | Lair:3   | Noticed a seven-headed hydra
 22346 | Lair:3   | Killed a seven-headed hydra
 22566 | Lair:3   | Gained mutation: A weak demonic guardian rushes to your
                  | aid. [demonic ancestry]
 22566 | Lair:3   | Reached XP level 13. HP: 101/101 MP: 19/19
 22967 | Lair:3   | Found a staircase to the Swamp.
 23103 | Lair:4   | Reached skill level 10 in Armour
 23483 | Lair:4   | Identified the +10 scale mail of Nanku Qutie {rElec}
 23592 | Lair:4   | Found a hole to the Spider Nest.
 26453 | Lair:6   | Entered Level 6 of the Lair of Beasts
 26580 | Lair:6   | Reached skill level 12 in Unarmed Combat
 26605 | Lair:6   | - dug straight into the den
 26609 | Lair:6   | Reached skill level 1 in Throwing
 26617 | Lair:6   | - I really thought that would help
 26628 | Lair:6   | - I'm in trouble now
 26635 | Lair:6   | Corrupted Lair:6
 26635 | Lair:6   | Noticed a white draconian stormcaller
 26635 | Lair:6   | Noticed a starcursed mass
 26636 | Lair:6   | Noticed a starcursed mass
 26636 | Lair:6   | HP: 5/101 [spore (10)]
 26638 | Lair:6   | Noticed a lich
 26644 | Lair:6   | Killed by mirror damage

Illustrated notes ### ..# ..######################## .....((((.....g.@........# ###########........##....## #........##.....##### ###########.........# #.........# #..†......# #####.........### ................. #####...##..####. #######.# #.# Turn 1628 on D:2: - dammit #.(....# #.####.# #######.####.....o ##................. ##.8...8.#########.. . ##.........## # ..###.8...>...8.# .............##.. ......8...8...... ###..#.(...####.. ##.#@.....# # #.[......# ##.......# #....)..# #.......### #.........# ##........# #.###....# #.## ....# #..# ....# #########.## ...# Turn 2918 on D:3: - NICE #......# #.. #.####.###.# #######.####...... ##................. ########## ##.8...8.#########.. #........# ##.........## #.# ##........###.8...>...8.#######.# ..................s....##........ .†..............8...8..........>. ##........###..#.....####........ ####.....# ##.#@.....# ######### #.....# #.[......# #####.....# ##.......# ≈≈≈.......# #....)..# #####.##### #.......### #.# #.........# #### #.# ##....)...# ##≈≈≈ ### #.###....# ##≈≈.. #.###....# ##≈≈... # #..##....###≈≈.... # ##############.##....##≈≈..... Turn 4747 on D:3: - goddam poison everywhere ######### ######.......################ #....#......@+............#.. #....#.......#............#.. #....#.......#......>.....#.. #....'.......#............#.. ##...#.......#####..###+####. ##########.........###...##. #....#.......#..#....... #....#......###......... #....#.....#####........ #....#....#+#.###....... #############.#...###._.###...### Turn 7139 on D:5: - heck yeah #.............# #........#...## ##.##.#.###.####.# .................# ##.##.#.###.###### # #.#.###'## ....##...## ##.###.....## #.##.......## . #.#...<.....####5..# ............@Ko55... ............####5..# #.##.......## # #. ##.....## #....## #.#+# #. Turn 12093 on D:9: - just when I had matters in hand #.............# #........#...## ##.##.#.###.####.# .................# ##.##.#.###.###### # #.#.###'## ....##...## ##.###.....## #.##.......## . #.#...<.....####5..# ............@Ko55... ............####5..# #.##.......## # #. ##.....## #....## #.#+# #. Turn 12093 on D:9: - oh its probably maurice duh #.............# #........#...## ##.##.#.###.####.# .................# ##.##.#.###.###### # #.#.###'## ....##...## ##.###.....## #.##.......## . #.#...<.....####5..# ............@Ko55... ............####5..# #.##.......## # #. ##.....## #....## #.#+# #. Turn 12094 on D:9: - or is it ### #. #.# #. ######.## #. ........# ##'## .######.# ...## .# #.# ...## .# ##.## ####..(## ######...#### #..'....####. ...........>+.#.@#....'.... ######...####.####....#### #........#.......## #.#.####.##.....## #.#.# #.###.).## #.#.####.# ##'## #.#...##.# #.# #.###.##.####.###### #.###.##.#.........# #.......<#.#...###.# #####.####......... Turn 12359 on D:9: - that's pretty choice #### ## ####P.#####.#### #............... #............... ##.............. #.............. #.............. ##..@......##.... #................ ##..###....@..... #P............... ##...##........#. #............... #...#.........# #..#..........# #............... #P..###...#.P#... #P............... Turn 16708 on Lair:2: - aw man ... ....... ... ##....... .P.. #........ ..... ........ .#.#.##.....#.. ............. ..........## .......@...# ............... ...#.#.#....... . .. .. ....... ... ... ....... #. .. .... ....... .. P ..... ........ .# ...... ......... .. ..... .... .......... .##...##.# Turn 16736 on Lair:2: - gettin slammed here

..#.######## #.............P###
...## #................# ..##
#...............)## ..#
##...........#.....# ..#
##.....#####.##....## ..#
#...#### ####.....# ..# #...#
#....## #.# ### ##..#######
#....# #######.#####..##.#§.##
#....#
#..........##.........####....#
#..........##..@.F...§........#
#....................>..#####.#
#.........###...#.###..## ###
#.........##....### ##.#
#...............# #..#
#..........##...# ##.#
#...####.####...#### #.# ###
###.................###.######.#
.##............................#
...............................#
.................###..#..#^##.##


Turn 17162 on Lair:1: - fuckin nuts ........ .......# .......# .......#..
.......#..#+####### .......#..........# .......#..........# ..................#
###...............# <.#...............# ..#.............@.# ..#..............V#
..#...............# ..#<..............# ..#########'####### ..##......#......#
..##......'......# #......#......# ########...V..# #......+ #......# Turn 17569
on D:11: - of course its the wrong stair ........ .......# .......# .......#..
.......#..#+####### .......#..........# .......#..........# ..................#
###...............# <.#...............# ..#.............@.# ..#..............V#
..#...............# ..#<..............# ..#########'####### ..##......#......#
..##......'......# #......#......# ########...V..# #......+ #......# Turn 17572
on D:11: - well that sucked #..#.#.#.#.# #.#.#.#.#.# ##. ....................
#.#.#.#.#.#.#.#.# ................ ≈≈ .#.#l#<#.#.#.#.#D.. #..........P.P....P
####............... ##P.....##.#...... #...S....#........ ###D##..†#..P.....
#@#####.......... #.## ##P..P..... #.# ##.....P#. #.# #...P.... #.# .#.......
#P# . #P..... hP# .. #P.... hP h. #.... ### .... Turn 26605 on Lair:6: - dug
straight into the den #.#.#.#.#.#.#.#.# ................ ≈≈ .#.#.#<#.#.#.#.#D.
#..........P.P.... ####.............. ##P.....##.#..... #...†....#.......
###†##..†#..P.... ##.#####......... ##l## ##P..P.... #@## ##.....P# #.##
#...P... #h# .#...... #.# . #P.... .h# .. #P... ..P h. #... h.. ### ... .) Turn
26617 on Lair:6: - I really thought that would help ...........#.#P
............... .............. ............# ...........### .........Y...#
............# .......YY.Y## ......Y.....# ...F..§.Y.Y.# ......Y.YY@##
...........# .......F.... ...........#. ...........$?. ..............
............P# ..^....... ## Turn 26628 on Lair:6: - I'm in trouble now

Levels and vault maps discovered:
D:1:      evilmike_arrival_plus, layout_loops_cross
D:2:      layout_basic, basic_altar
D:3:      kennysheep_goblin_castle, layout_basic,
          shapermc_ecumenical_altar_mp_urbaneastern, corexii_corridor_pit,
          kennysheep_cross_room, grunt_ministairs_2, uniq_ijyb
D:4:      layout_cave_pools, minitemple, chequers_serial_rivers_micro_d,
          chequers_serial_rivers_room_b, serial_bayou_lake_a
D:5:      layout_gridville, nemelex_diamond_rough_becter, uniq_blork_the_orc
D:6:      layout_loops_ring, hangedman_abyss_or_decor_passed,
          nicolae_shop_clearance
D:7:      layout_loops_ring, lemuel_temple_firewalk_a, grunt_ministairs_13,
          nicolae_sextant, minmay_shop_grid_forest, hangedman_decor_opposing,
          chequers_serial_rivers_large_b
D:8:      layout_basic, grunt_gozag_breadcrumbs, david_lair_shrubbed,
          serial_shops, nicolae_shop_trees, nicolae_shop_crystal, st_stairs_14,
          hangedman_feature_mirror, minmay_manual_macuahuitl
D:9:      layout_loops_corners, lemuel_round_altar, library_closet, uniq_pikel,
          uniq_maurice
D:10:     cheibrodos_barr_body, layout_basic,
          mainiacjoe_overflow_six_doors_small, hangedman_decor_growths
D:11:     layout_stronghold, orc_0_dummy, disabler_island
D:12:     layout_roguey, nrook_guardian_serpent_double, uniq_nessos
Lair:1:   layout_gridlike
Lair:2:   layout_long_grid, grunt_forest_stairs_clearing, uniq_erica
Lair:3:   layout_cave_pods, palyth_hydra_swamp_entry,
          chequers_serial_rivers_small_3, st_stairs_12, eino_house_with_fridge
Lair:4:   layout_long_grid, spider_nest_entry_webs, kennysheep_basilisk_garden
Lair:5:   layout_long_grid, infiniplex_staircase_pool, grunt_megastairs_5,
          serial_bayou_shore_b, lemuel_fruit_tree
Lair:6:   wormcave, layout_gridlike, hangedman_lair_caniforms_friends,
          nicolae_slime_entry_slimehenge, chequers_serial_rivers_small_b,
          st_stairs_13, ice2_lemuel

Skill      XL: |  1  2  3  4  5  6  7  8  9 10 11 12 13 |
---------------+----------------------------------------+-----
Maces & Flails | 2 3 4 5 6 |  6.0
Fighting       | 4 5 6 8 9 |  9.0
Unarmed Combat | 2 5 7 9 10 11 12 | 12.0
Invocations    | 4 8 9 |  9.0
Armour         | 6 7 9 11 | 11.8
Shields        | 6 |  6.0
Dodging        | 2 6 |  6.0
Throwing       | 2 |  2.5

Action                   |  1- 3 |  4- 6 |  7- 9 | 10-12 | 13-15 || total
-------------------------+-------+-------+-------+-------+-------++-------
Melee: Mace              |   110 |     4 |       |       |       ||   114
       Whip              |       |   137 |   240 |   649 |   200 ||  1226
       Punch             |       |       |     3 |    16 |       ||    19
       Unarmed           |       |       |       |   258 |   236 ||   494
 Fire: Hunting sling     |    39 |   109 |    86 |    78 |    38 ||   350
Throw: Dart              |       |    28 |    69 |   118 |    50 ||   265
       Throwing net      |       |       |       |     3 |       ||     3
Invok: Depart the Abyss  |     1 |       |       |       |       ||     1
       Bend Space        |       |     7 |     2 |    30 |     3 ||    42
       Banish            |       |       |     1 |     3 |       ||     4
       Corrupt           |       |       |       |       |     1 ||     1
Evoke: Wand              |       |     6 |     4 |    13 |     4 ||    27
  Use: Scroll            |     1 |     3 |     1 |    11 |     5 ||    21
       Potion            |       |     2 |       |     4 |     2 ||     8
 Stab: Petrified         |       |       |       |       |     2 ||     2
Armor: Leather armour    |    37 |     2 |       |       |       ||    39
       Ring mail         |       |    54 |    51 |       |       ||   105
       Scale mail        |       |       |   110 |   320 |       ||   430
       Plate armour      |       |       |       |   270 |   323 ||   593
Dodge: Dodged            |    86 |    69 |   106 |   294 |   121 ||   676
Block: Buckler           |       |       |       |   141 |   144 ||   285
